Map: Hardwire LE

Players

Reynor

  • Race: Zerg Zerg
  • League: Master

LiquidClem (Clem) - Winner!

  • Race: Terran Terran
  • League: Master

Event: DreamHack SC2 Masters Last Chance 2022

VOD

Have the link to the VOD?

Description

Time

  • Played on: Dec. 17, 2021, 2:30 p.m.
  • Length: 12:09

All games in this series

Show
View Real Time Build Order
Export as new Build Order

Reynor Zerg 

Build Orders: Hatch First 

Get SALT Encoding   

  12  0:00  Drone  
  13  0:12  Overlord  
  13  0:17  Drone  
  14  0:30  Drone x2  
  16  0:48  Hatchery  
  15  0:51  Drone  
  15  0:54  Drone  
  17  0:57  Drone  
  18  1:08  Extractor  
  17  1:13  Spawning Pool  
  17  1:16  Drone  
  17  1:19  Drone  
  18  1:27  Drone  
  19  1:38  Drone  
  20  1:49  Overlord  
  20  2:00  Zergling x2, Queen x2  
  20  2:01  Zergling x2  
  26  2:10  Drone  
  26  2:11  Drone  
  26  2:12  Metabolic Boost  
  28  2:21  Drone  
  28  2:22  Drone  
  30  2:28  Spore Crawler  
  29  2:32  Spore Crawler  
  29  2:33  Spore Crawler  
  30  2:38  Hatchery  
  30  2:39  Drone  
  30  2:44  Drone x2  
  30  2:46  Drone  
  33  2:53  Overlord  
  33  2:56  Queen  
  35  2:59  Drone  
  36  3:11  Overlord  
  36  3:12  Drone  
  37  3:13  Drone  
  37  3:14  Drone x2  
  37  3:19  Queen  
  40  3:20  Overlord  
  40  3:24  Zergling x2  
  43  3:27  Zergling x2  
  43  3:31  Drone  
  45  3:34  Queen  
  45  3:36  Overlord  
  45  3:38  Zergling x2  
  47  3:49  Zergling x4  
  47  3:50  Drone  
  47  3:54  Evolution Chamber  
  48  3:59  Drone  
  48  4:00  Drone x3  
  48  4:02  Drone  
  52  4:05  Drone, Queen  
  55  4:10  Queen, Spore Crawler  
  55  4:14  Drone x2  
  55  4:15  Drone x2  
  59  4:20  Zergling x2  
  59  4:23  Drone x2  
  60  4:30  Drone, Queen, Spore Crawler  
  62  4:32  Spore Crawler  
  62  4:35  Zergling x6  
  62  4:36  Zergling x2  
  65  4:38  Drone  
  65  4:41  Overlord  
  65  4:43  Drone  
  67  4:45  Drone x2  
  67  4:48  Drone x2  
  67  4:52  Drone  
  72  4:55  Drone  
  72  4:59  Overlord  
  73  5:00  Drone  
  73  5:03  Drone x2  
  73  5:04  Drone  
  73  5:05  Overlord  
  77  5:07  Drone  
  77  5:13  Overlord  
  78  5:16  Drone  
  78  5:17  Evolution Chamber  
  78  5:18  Evolution Chamber  
  77  5:22  Zergling x4  
  77  5:23  Overlord  
  77  5:26  Drone  
  77  5:28  Drone  
  81  5:29  Drone  
  81  5:31  Drone x2  
  81  5:33  Hatchery  
  83  5:41  Drone x3  
  86  5:43  Drone  
  86  5:44  Drone x2  
  86  5:46  Queen  
  86  5:48  Drone x3  
  86  5:49  Drone x2  
  96  5:51  Lair  
  96  5:52  Drone  
  96  5:53  Extractor  
  96  5:55  Drone  
  96  5:56  Baneling Nest, Extractor x2  
  94  5:58  Drone, Extractor  
  94  6:01  Drone  
  94  6:03  Zerg Melee Weapons Level 1  
  95  6:05  Extractor  
  95  6:06  Spore Crawler  
  95  6:08  Drone x2  
  95  6:13  Drone x4  
  99  6:19  Zergling x4, Overlord  
  99  6:21  Zergling x4  
  99  6:24  Zergling x2  
  104  6:27  Zergling x2  
  104  6:28  Zergling x4  
  104  6:30  Queen  
  109  6:35  Overlord  
  109  6:38  Zerg Ground Armor Level 1, Zergling x4  
  111  6:41  Zergling x2  
  111  6:44  Hatchery  
  111  6:45  Baneling x2  
  111  6:46  Drone, Baneling x2  
  111  6:47  Drone x5  
  115  6:49  Centrifugal Hooks  
  115  6:52  Baneling x2  
  115  6:53  Zergling x2  
  118  6:55  Overlord  
  118  6:59  Zergling x14  
  123  7:02  Zergling x2  
  123  7:07  Baneling x5, Zergling x2  
  123  7:08  Zergling x4  
  123  7:11  Zergling x2  
  118  7:18  Zergling x4  
  118  7:20  Overlord  
  118  7:21  Baneling x5  
  118  7:22  Zergling x2  
  120  7:23  Overlord  
  120  7:25  Zergling x8  
  120  7:26  Zergling x2  
  120  7:29  Zergling x8  
  119  7:31  Drone  
  119  7:33  Drone  
  119  7:36  Zergling x2  
  118  7:41  Zergling x4  
  120  7:48  Zergling x2  
  120  7:49  Zergling x2, Baneling x5  
  120  7:50  Drone, Baneling  
  122  7:51  Queen  
  122  7:52  Drone  
  122  7:54  Hydralisk Den  
  122  7:55  Drone  
  122  7:57  Drone  
  126  8:02  Drone  
  126  8:03  Overlord  
  127  8:07  Overlord  
  127  8:10  Baneling x5  
  127  8:11  Zerg Melee Weapons Level 2  
  127  8:13  Overlord  
  127  8:18  Overlord  
  127  8:19  Baneling x3  
  127  8:21  Overlord  
  127  8:22  Overlord  
  127  8:25  Drone  
  127  8:26  Overlord  
  127  8:30  Zergling x4  
  127  8:31  Zergling x12  
  134  8:34  Zerg Ground Armor Level 2  
  134  8:35  Drone x4  
  134  8:36  Drone  
  134  8:37  Zergling x2  
  134  8:40  Muscular Augments  
  140  8:42  Hydralisk x4  
  140  8:44  Zergling x2  
  140  8:47  Hatchery  
  140  8:48  Zergling x2  
  146  8:49  Hydralisk  
  146  8:50  Hydralisk  
  148  8:56  Hydralisk x2  
  148  9:02  Extractor  
  149  9:04  Hydralisk  
  149  9:05  Zergling x8  
  153  9:13  Drone x6, Queen  
  153  9:16  Hydralisk x3  
  163  9:20  Zergling x4  
  163  9:21  Zergling x2  
  166  9:26  Overlord  
  166  9:29  Drone  
  166  9:30  Hydralisk x2  
  171  9:32  Baneling x9  
  171  9:34  Zergling x6  
  171  9:40  Zergling x4  
  171  9:42  Zergling x8  
  176  9:46  Baneling x7  
  176  9:47  Zergling x2  
  176  9:51  Grooved Spines  
  176  9:52  Hatchery, Zergling x6  
  177  10:03  Zergling x18  
  178  10:09  Hydralisk  
  178  10:12  Spawning Pool  
  178  10:13  Hydralisk x4  
  183  10:18  Drone x2  
  183  10:25  Overlord  
  183  10:32  Drone x2  
  183  10:33  Drone x7  
  183  10:34  Hydralisk x2  
  181  10:38  Overlord  
  181  10:43  Baneling  
  181  10:44  Baneling x6  
  171  10:58  Overseer  
  171  11:03  Zergling x2  
  171  11:04  Zergling x24  
  177  11:09  Zergling x8  
  182  11:12  Zergling x4  
  182  11:16  Zergling x6  
  187  11:23  Hydralisk x2  
  185  11:27  Zergling x6  
  185  11:31  Zergling x6  
  180  11:34  Zergling x8  
  180  11:37  Hydralisk  
  180  11:38  Zergling x4  
  167  11:43  Zergling x6  
  166  11:47  Zergling x2  
  166  11:48  Zergling x4  
  166  11:49  Overlord  
  166  11:50  Baneling x2  
Show
View Real Time Build Order
Export as new Build Order

LiquidClem Terran - Winner!

Build Orders: Liberator Opening, Reaper Expand 

Get SALT Encoding   

  12  0:00  SCV  
  13  0:12  SCV  
  14  0:16  Supply Depot  
  14  0:24  SCV  
  15  0:38  SCV  
  15  0:39  Barracks  
  16  0:43  Refinery  
  16  0:50  SCV  
  17  1:02  SCV  
  18  1:14  SCV  
  19  1:26  Reaper, Orbital Command  
  20  1:39  Command Center  
  20  1:46  Supply Depot  
  20  1:51  SCV  
  21  1:57  Marine  
  22  2:03  SCV  
  23  2:11  Factory  
  23  2:16  SCV  
  23  2:20  Barracks Reactor  
  24  2:26  Refinery  
  24  2:28  SCV  
  25  2:40  SCV  
  26  2:51  Orbital Command  
  26  2:52  SCV  
  26  2:57  Starport  
  27  3:02  Hellion x2  
  27  3:04  SCV  
  27  3:05  Marine  
  32  3:11  Supply Depot  
  33  3:16  SCV x2  
  35  3:23  Hellion x2  
  39  3:28  SCV x2  
  39  3:34  Liberator  
  44  3:37  Supply Depot  
  44  3:40  SCV x2  
  46  3:41  Barracks Tech Lab  
  46  3:44  Hellion  
  46  3:46  Hellion  
  48  3:52  SCV x2  
  48  4:04  Stimpack, SCV  
  48  4:05  SCV  
  48  4:06  Hellion  
  48  4:08  Hellion  
  52  4:17  SCV x2  
  54  4:25  Command Center  
  54  4:30  SCV  
  55  4:31  Starport Reactor  
  55  4:32  Supply Depot  
  55  4:33  Marine  
  55  4:36  SCV  
  55  4:38  Factory Tech Lab  
  57  4:42  SCV  
  57  4:43  Barracks  
  57  4:44  Barracks  
  58  4:48  SCV  
  58  4:50  Marine  
  60  4:54  Engineering Bay  
  60  4:57  Supply Depot  
  60  4:58  Engineering Bay  
  60  5:02  SCV x2  
  62  5:08  Siege Tank  
  62  5:11  Refinery x2, Marine  
  66  5:14  SCV  
  66  5:17  SCV  
  66  5:18  Supply Depot  
  66  5:19  Starport Reactor  
  68  5:24  Terran Infantry Weapons Level 1, Terran Infantry Armor Level 1  
  68  5:26  SCV  
  69  5:29  SCV, Marine  
  69  5:30  Marine x2  
  73  5:37  Orbital Command  
  73  5:38  Marine x2  
  75  5:43  Combat Shield  
  75  5:44  Siege Tank  
  75  5:45  SCV x2  
  75  5:49  Marine x3  
  83  5:56  Medivac  
  85  5:57  SCV, Marine x2  
  85  5:58  SCV  
  85  6:02  Supply Depot  
  85  6:03  Orbital Command  
  89  6:06  Marine  
  89  6:08  Medivac  
  89  6:09  SCV  
  89  6:11  Supply Depot, Marine x2  
  93  6:15  Armory  
  93  6:16  SCV  
  96  6:21  SCV, Marine x2  
  96  6:24  Marine  
  100  6:28  SCV  
  100  6:29  SCV  
  102  6:33  SCV  
  102  6:38  Barracks  
  102  6:39  Barracks  
  103  6:40  SCV  
  103  6:41  SCV  
  103  6:43  Siege Tank  
  103  6:45  SCV  
  103  6:46  Marine x2  
  111  6:50  Supply Depot, Marine x2  
  111  6:52  SCV  
  111  6:53  SCV  
  115  6:58  SCV  
  115  7:01  Supply Depot, Medivac  
  117  7:02  Medivac  
  117  7:06  SCV  
  117  7:07  Marine  
  116  7:13  Marine x2  
  116  7:14  SCV x2  
  117  7:18  Supply Depot, Siege Tank  
  117  7:19  Refinery  
  119  7:24  Marine  
  119  7:25  Marine  
  119  7:26  SCV  
  119  7:28  SCV  
  119  7:29  Marine  
  113  7:30  SCV  
  113  7:31  Medivac  
  113  7:32  Medivac  
  117  7:37  Factory  
  117  7:42  Marine x2  
  117  7:44  Barracks Reactor x2  
  117  7:45  SCV x2  
  117  7:46  SCV  
  117  7:47  Marine x2  
  119  7:52  Marine  
  119  7:54  Drilling Claws  
  119  7:57  SCV  
  119  7:58  Command Center  
  121  8:00  Widow Mine, Marine  
  121  8:04  Supply Depot, Refinery, Marine  
  121  8:05  Marine x2  
  126  8:10  Marine  
  127  8:14  Terran Infantry Weapons Level 2  
  127  8:17  Marine  
  127  8:19  Terran Infantry Armor Level 2  
  128  8:20  Supply Depot  
  128  8:21  Marine  
  128  8:24  Marine x5  
  128  8:26  Factory Reactor  
  134  8:27  Supply Depot, Widow Mine  
  134  8:29  Marine  
  134  8:30  Marine  
  138  8:35  Marine  
  138  8:38  Liberator, Supply Depot  
  138  8:39  Marine  
  138  8:41  Supply Depot  
  143  8:42  Marine x2  
  143  8:44  Liberator  
  143  8:45  Marine  
  143  8:48  Marine x4  
  151  8:55  Supply Depot, Widow Mine  
  151  8:56  Sensor Tower  
  151  9:02  Marine x4  
  155  9:03  Widow Mine x2, Marine  
  160  9:10  Marine x2  
  160  9:11  Marine  
  160  9:12  SCV  
  160  9:15  Marine  
  160  9:16  Widow Mine  
  167  9:19  Marine  
  167  9:20  Marine x3  
  167  9:21  Medivac, Marine  
  174  9:24  SCV  
  174  9:25  Widow Mine x2  
  174  9:27  Medivac  
  174  9:28  Marine  
  182  9:32  Marine x2  
  182  9:36  Barracks  
  182  9:37  Widow Mine  
  186  9:39  Barracks x2  
  186  9:41  Planetary Fortress  
  186  9:44  SCV x2  
  186  9:51  Widow Mine  
  188  9:54  Marine x3  
  188  9:55  Widow Mine  
  188  9:59  Widow Mine  
  192  10:02  Marine  
  192  10:03  Marauder  
  194  10:08  Marine  
  194  10:09  Marine x2  
  194  10:10  Marine  
  194  10:12  Marine x2  
  194  10:13  Widow Mine, SCV  
  198  10:22  Widow Mine  
  198  10:23  Barracks Tech Lab  
  198  10:26  SCV  
  200  10:29  Barracks Tech Lab, Command Center  
  200  10:32  Ghost Academy  
  200  10:34  Barracks Tech Lab  
  198  10:38  Marine x2  
  198  10:39  Marine  
  198  10:40  Marine x3  
  198  10:45  Refinery  
  197  10:53  Widow Mine  
  197  10:56  Widow Mine  
  198  10:57  Medivac  
  194  11:11  Marauder x3  
  199  11:17  Widow Mine  
  198  11:21  SCV  
  198  11:23  SCV, Refinery, Command Center  
  198  11:24  SCV  
  191  11:26  Marauder, Medivac  
  191  11:28  Widow Mine  
  191  11:31  Widow Mine  
  191  11:32  Marauder  
  197  11:36  Medivac, Marine x5  
  197  11:38  Widow Mine  
  197  11:39  Marauder  
  193  11:41  Marauder  
  191  11:47  Marauder  

Tags
 
Add a new tag
Caveats
  • Supply blocks, unpowered buildings, or Contaminate may cause inaccurate times.
  • Supply counts are checked every 10 seconds.